 Dungeon Crawl Stone Soup version 0.22.1-2-g9c5b331 (webtiles) character file.

98 john2 the Grave Robber (level 5, 0/35 HPs)
             Began as a Human Necromancer on Nov 25, 2018.
             Slain by a goblin
             ... wielding a +0 short sword
             ... led by Robin
              (1 damage)
             ... on level 2 of the Dungeon.
             The game lasted 00:12:45 (2305 turns).

john2 the Grave Robber (Human Necromancer)          Turns: 2305, Time: 00:12:46

Health: 0/35       AC:  2    Str:  9    XL:     5   Next: 0%
Magic:  4/8        EV: 12    Int: 15    God:
Gold:   80         SH:  0    Dex: 14    Spells: 7/9 levels left

rFire    . . .     SeeInvis .   b - +0 short sword (venom)
rCold    . . .     Gourm    .   (no shield)
rNeg     . . .     Faith    .   a - +0 robe
rPois    .         Spirit   .   (no helmet)
rElec    .         Reflect  .   (no cloak)
rCorr    .         Harm     .   (no gloves)
MR       .....                  (no boots)
Stlth    ++........             (no amulet)
HPRegen  0.11/turn              (no ring)
MPRegen  0.11/turn              (no ring)

@: no status effects
A: no striking features
a: no special abilities


You were on level 2 of the Dungeon.
You were not hungry.

You visited 1 branch of the dungeon, and saw 2 of its levels.

You collected 80 gold pieces.

Inventory:

Hand Weapons
 b - a +0 short sword of venom (weapon)
 l - a cursed -3 dagger
Armour
 a - a +0 robe (worn)
 f - a +0 ring mail
 g - a +0 robe
Jewellery
 e - an uncursed amulet of guardian spirit {unknown}
Scrolls
 h - a scroll of identify {unknown}
 i - a scroll of teleportation {unknown}
 j - a scroll of fear
 k - 3 scrolls of remove curse {unknown}
Potions
 d - a potion of invisibility {unknown}
Comestibles
 c - a ration
 m - 2 chunks of flesh


   Skills:
 * Level 2.4 Short Blades
 - Level 2.0 Dodging
 - Level 2.0 Stealth
 + Level 2.6 Spellcasting
 * Level 4.8 Necromancy


You had 7 spell levels left.
You knew the following spells:

 Your Spells              Type           Power        Failure   Level  Hunger
a - Pain                  Necr           ###.         2%          1    #......
b - Animate Skeleton      Necr           N/A          2%          1    #......

Your spell library contained the following spells:

 Spells                   Type           Power        Failure   Level  Hunger
 Vampiric Draining        Necr           ###.......   9%          3    ###....
 Regeneration             Chrm/Necr      #.........   22%         3    ###....
 Animate Dead             Necr           N/A          28%         4    #####..


Dungeon Overview and Level Annotations

Branches:
Dungeon (2/15)

Altars:
Makhleb


Message History

Press: ? - help, Shift-Dir - straight line, f/p - Robin
Aim: Robin, wielding a spear, wearing an animal skin and wearing a helmet Robin writhes in agony!
You kill Robin!
You have reached level 5!
You barely miss the goblin. The goblin hits you with a short sword.
You closely miss the goblin. The goblin hits you with a short sword!
You closely miss the goblin. The goblin hits you with a short sword.
* * * LOW HITPOINT WARNING * * *
You barely miss the goblin. The goblin hits you with a short sword.
* * * LOW HITPOINT WARNING * * *
Casting: Pain (safe; 2% risk of failure)
Confirm with . or Enter, or press ? or * to list all spells.
Aiming: Pain (safe; 2% risk of failure)
Press: ? - help, Shift-Dir - straight line, f - goblin
Aim: a goblin, wielding a short sword (unusually strong, chance to defeat MR: The goblin writhes in agony!
The goblin no longer looks unusually strong.
The goblin hits you with a short sword.
You die...

#..###............#.#
#.#.#..##.......)....
#.##.#.##.#.......#.#
#.##.#..............#
#.##(####.........###
#.##.# #..##########
#.##.## #..# #.....
#.#.g(###..# #.####
#...@(.....# #.# #
###...####.# #.#
##.## #.# #)# #.# #.#
#.# #.# #.# #.# #.#
#.# #.# #.# #)####


You could see a goblin.

Vanquished Creatures
  A hound (D:2)
  Robin (D:2)
  An adder (D:2)
  A dart slug (D:1)
  A leopard gecko (D:2)
  2 ball pythons
  2 giant cockroaches
  10 goblins
  7 hobgoblins
  A kobold (D:1)
  2 quokkas (D:2)
  3 bats (D:1)
  4 frilled lizards
  4 rats
40 creatures vanquished.

Vanquished Creatures (collateral kills)
  A goblin (D:2)
1 creature vanquished.

Grand Total: 41 creatures vanquished

Notes
Turn   | Place    | Note
-------+----------+-------------------------------------------
     0 | D:1      | john2 the Human Necromancer began the quest for the Orb.
     0 | D:1      | Reached XP level 1. HP: 13/13 MP: 3/3
    68 | D:1      | Reached XP level 2. HP: 3/19 MP: 0/5
   446 | D:1      | Reached skill level 1 in Short Blades
   530 | D:1      | Learned a level 1 spell: Animate Skeleton
  1102 | D:2      | Reached XP level 3. HP: 13/24 MP: 0/6
  1408 | D:2      | Found a burning altar of Makhleb.
  1422 | D:2      | Reached XP level 4. HP: 8/30 MP: 0/7
  1824 | D:2      | Noticed Robin
  2298 | D:2      | Killed Robin
  2298 | D:2      | Reached XP level 5. HP: 26/35 MP: 4/8
  2305 | D:2      | Slain by a goblin

Skill      XL: |  1  2  3 |
---------------+----------+-----
Short Blades   | 1 2 |  2.4
Dodging        | |  2.0
Stealth        | |  2.0
Spellcasting   | |  2.6
Necromancy     | |  4.8

Action                   |  1- 3 |  4- 6 || total
-------------------------+-------+-------++-------
Melee: Short sword       |    33 |    39 ||    72
 Cast: Pain              |    27 |    15 ||    42
       Animate Skeleton  |     2 |     3 ||     5
  Use: Scroll            |     1 |     1 ||     2
 Stab: Sleeping          |     1 |       ||     1
  Eat: Chunk             |     2 |     3 ||     5
Armor: Robe              |     5 |     8 ||    13
Dodge: Dodged            |    33 |    30 ||    63
